 Dungeon Crawl Stone Soup version 0.22-a0-348-gd16d139 (webtiles) character file.

56 Goblin1989 the Skirmisher (level 3, -3/33 HPs)
             Began as a Barachi Hunter on Apr 10, 2018.
             Slain by an orc
             ... wielding a +0 flail
              (9 damage)
             ... on level 3 of the Dungeon.
             The game lasted 00:03:49 (1842 turns).

Goblin1989 the Skirmisher (Barachi Hunter)          Turns: 1842, Time: 00:03:50

Health: -3/33      AC:  3    Str: 14    XL:     3   Next: 97%
Magic:  3/3        EV: 12    Int: 11    God:
Gold:   87         SH:  0    Dex: 12    Spells: 2/2 levels left

rFire    . . .     SeeInvis .   m - +0 dagger (venom)
rCold    + . .     Gourm    .   (no shield)
rNeg     . . .     Faith    .   g - +0 leather armour
rPois    .         Spirit   .   (no helmet)
rElec    .         Reflect  .   (no cloak)
rCorr    .         Harm     .   (no gloves)
MR       .....                  (no boots)
Stlth    +.........             (no amulet)
HPRegen  0.11/turn              c - ring of protection from cold
MPRegen  0.08/turn              (no ring)

@: slow
A: +LOS, swims, slowness 1, strong legs 1
a: Hop


You were on level 3 of the Dungeon.
You were not hungry.

You visited 1 branch of the dungeon, and saw 3 of its levels.

You collected 87 gold pieces.

Inventory:

Hand Weapons
 a - a +1 hand crossbow
 m - a +0 dagger of venom (weapon)
 o - a +0 short sword of speed
Missiles
 d - 7 bolts
Armour
 g - a +0 leather armour (worn)
Jewellery
 c - a ring of protection from cold (left hand)
Scrolls
 f - 3 scrolls of identify {unknown}
 i - a scroll of remove curse {unknown}
 k - a scroll of magic mapping {unknown}
 l - a scroll of fear {unknown}
 n - a scroll of blinking {unknown}
Potions
 j - a potion of curing {unknown}
Comestibles
 e - 3 rations
 p - 5 chunks of flesh


   Skills:
 + Level 5.0 Fighting
 - Level 4.0 Crossbows
 - Level 2.1 Dodging
 - Level 0.8 Stealth


You had 2 spell levels left.
You didn't know any spells.

Dungeon Overview and Level Annotations

Branches:
Dungeon (3/15)

Altars:

Annotations:
D:3 Robin


Innate Abilities, Weirdness & Mutations

Shadows flee at your approach. (+LOS)
You can swim through water.
You cover ground slowly.
You can hop short distances.


Message History

Things that are here:
a dagger; a goblin corpse x2
There is a stone staircase leading down here.
d - 7 bolts (gained 2)
There is a stone staircase leading down here.
Things that are here:
a dagger; a goblin corpse x2
Health restored: 32 You see here a runed short sword.
o - a runed short sword Search for what [Enter for "."]?
Wield which item (- for none, * to show all)? (? for menu, Esc to quit)
Your +0 dagger of venom stops dripping with poison.
Your hands tingle!
o - a +0 short sword of speed (weapon)
Drop what? 14/52 slots (_ for help) (? for menu, Esc to quit)
You drop a +0 short sword.
Put on which piece of jewellery? (? for menu, Esc to quit)
g - a ring of protection from cold (left hand)
c - a ring of protection from cold (left hand)
g - a +0 leather armour (worn)
You butcher the goblin corpse.
p - 3 chunks of flesh You butcher the goblin corpse.
p - 6 chunks of flesh (gained 3)
You see here a dagger. x2
There is a stone staircase leading down here.
Eating one of 6 chunks of flesh.
You eat one of the 6 chunks of flesh.
This raw flesh tastes terrible.
There is a stone staircase leading down here.
You climb downwards.
Level annotation: Robin
There is a stone staircase leading up here.
Wield which item (- for none, * to show all)? (? for menu, Esc to quit)
Your +0 dagger of venom begins to drip with poison!
m - a +0 dagger of venom (weapon)
A goblin comes into view. It is wielding a spear.
The goblin shouts!
A goblin is nearby!
An orc comes into view. It is wielding a dagger.
The orc shouts!
You hear a shout!
The goblin hits you with a spear.
You take 2 damage, and have 30/32 hp.
You hit the goblin.
You kill the goblin!
Your Fighting skill increases to level 5!
An orc comes into view. It is wielding a flail.
Unknown command.
The orc moves out of view.
Things that are here:
a spear; a goblin corpse You closely miss the orc.
The orc misses you.
You hit the orc but do no damage.
The orc is poisoned.
The orc hits you with a dagger.
You take 6 damage, and have 25/33 hp.
You hit the orc.
The orc looks as sick as possible!
The orc is moderately wounded.
The orc hits you with a dagger.
You take 5 damage, and have 20/33 hp.
You hit the orc but do no damage.
The orc looks as sick as possible!
The orc is heavily wounded.
The orc hits you with a dagger.
You take 3 damage, and have 17/33 hp.
You are too injured to fight recklessly!
You are too injured to fight recklessly!
You are too injured to fight recklessly!
You are too injured to fight recklessly!
You are too injured to fight recklessly!
You are too injured to fight recklessly!
You are too injured to fight recklessly!
You are too injured to fight recklessly!
You are too injured to fight recklessly!
You are too injured to fight recklessly!
You are too injured to fight recklessly!
You are too injured to fight recklessly!
You are too injured to fight recklessly!
You are too injured to fight recklessly!
You are too injured to fight recklessly!
You are too injured to fight recklessly!
You are too injured to fight recklessly!
You are too injured to fight recklessly!
You are too injured to fight recklessly!
You are too injured to fight recklessly!
You are too injured to fight recklessly!
You are too injured to fight recklessly!
You are too injured to fight recklessly!
The orc shouts!
You kill the orc!
The orc hits you with a flail.
* * * LOW HITPOINT WARNING * * *
You take 6 damage, and have 11/33 hp.
You hit the orc but do no damage. The orc hits you with a flail.
* * * LOW HITPOINT WARNING * * *
You take 4 damage, and have 7/33 hp.
You hit the orc but do no damage. The orc hits you with a flail.
* * * LOW HITPOINT WARNING * * *
You take 1 damage, and have 6/33 hp.
You hit the orc but do no damage.
The orc is poisoned.
The orc hits you with a flail!
You die... ..... █.... █.!. █..█ █.. █.█ █)█ █o█

█@█ █.█
█.█
█.█████.█
█.....█.█
█████.█.█
█.█.█
█.█.█
█.█.█
█.█.█


You could see an orc.

Vanquished Creatures
  An adder (D:2)
  A worm (D:2)
  2 dart slugs
  A leopard gecko (D:1)
  An orc (D:3)
  7 goblins
  5 hobgoblins (D:1)
  2 ball pythons
  6 bats
  3 frilled lizards
  5 kobolds
  4 rats (D:1)
38 creatures vanquished.

Notes
Turn   | Place    | Note
-------+----------+-------------------------------------------
     0 | D:1      | Goblin1989 the Barachi Hunter began the quest for the Orb.
     0 | D:1      | Reached XP level 1. HP: 17/17 MP: 1/1
    71 | D:1      | Reached skill level 3 in Fighting
    92 | D:1      | Reached XP level 2. HP: 24/24 MP: 2/2
   367 | D:1      | Reached skill level 4 in Fighting
   450 | D:1      | Reached XP level 3. HP: 30/30 MP: 3/3
  1736 | D:3      | Noticed Robin
  1830 | D:3      | Reached skill level 5 in Fighting
  1842 | D:3      | Slain by an orc

Vault maps used:
D:1:      minmay_arrival_solitary_statue
D:2:      first_ration
D:3:      small_statue_intersection, uniq_robin

Skill      XL: |  1  2  3 |
---------------+----------+-----
Fighting       | 3 4 5 |  5.0
Crossbows      | |  4.0
Dodging        | |  2.1
Stealth        | |  0.8

Action                   || total
-------------------------++-------
Melee: Dagger            ||    10
 Fire: Hand crossbow     ||    71
  Eat: Chunk             ||     4
Armor: Leather armour    ||     9
Dodge: Dodged            ||    20

Table legend:
 A = Spawn XP
 B = Non-spawn XP
 C = Spawn XP percentage of total XP
 D = Spawn monster count
 E = Non-spawn monster count
 F = Spawn count percentage of total count
 G = Total turns spent on level
                    A         B        C        D         E        F      G
               +---------+---------+-------+---------+---------+-------+---------
         Total |       0 |      81 |   0.0 |       0 |      38 |   0.0 |  1842
               +---------+---------+-------+---------+---------+-------+---------
           D:1 |       0 |      41 |   0.0 |       0 |      24 |   0.0 |   707
           D:2 |       0 |      36 |   0.0 |       0 |      12 |   0.0 |  1101
           D:3 |       0 |       4 |   0.0 |       0 |       2 |   0.0 |    34
               +---------+---------+-------+---------+---------+-------+---------

Vault maps used:
D:1:      minmay_arrival_solitary_statue
D:2:      first_ration
D:3:      small_statue_intersection, uniq_robin
